 Dungeon Crawl Stone Soup version 0.30.1-9-gdf580d7c3d (webtiles) character file.

Game seed: 16499068200917310659

344284 Chiseanne the Scorcher (level 21, -1/153 HPs)
             Began as a Demonspawn Hedge Wizard on Sept 30, 2023.
             Was an Initiate of Gozag.
             Slain by an iron giant
             ... wielding a +0 giant club
              (23 damage)
             ... on level 2 of the Depths on Oct 2, 2023.
             The game lasted 05:27:05 (51917 turns).

Chiseanne the Scorcher (Demonspawn Hedge Wizard)   Turns: 51917, Time: 05:27:06

Health: -1/153     AC: 24    Str: 16    XL:     21   Next: 14%
Magic:  0/41       EV: 15    Int: 31    God:    Gozag
Gold:   14         SH:  9    Dex: 16    Spells: 8/52 levels left

rFire   + + +        a - staff of fire "Homakkeosmi" {rElec rF+ Int+2}
rCold   + + +        z - +3 buckler {AC+3}
rNeg    . . .        g - +4 skin of Zhor {*Englaciate rC+++ SInv}
rPois   .            X - +1 hat of a volcano {rF+ rC+}
rElec   +            (no cloak)
rCorr   +            b - +1 pair of gloves {Stlth+}
SInv    +            c - +1 pair of boots
Will    +++..        u - amulet of Ascent {RegenMP rF+ Regen+ Dex+2}
Stlth   +++          j - ring of wizardry
HPRegen 1.25/turn    k - ring "Vosaun Hing" {rC- Will++ rCorr Str+3 Int+6}
MPRegen 0.94/turn

%: guardian spirit, wizardry (x1)
@: sanguine armoured
A: powered by pain 3, augmentation 1, magic shield, magic regeneration, magic
link, sanguine armour 2, weakness stinger 2
}: 2/15 runes: decaying, serpentine
a: Renounce Religion, Potion Petition, Call Merchant, Bribe Branch


You were on level 2 of the Depths.
You worshipped Gozag.
Gozag was noncommittal.
You visited 9 branches of the dungeon, and saw 40 of its levels.
You visited 1 bazaar.

You collected 18198 gold pieces.
You spent 9637 gold pieces at shops.
You paid 8547 gold pieces to Gozag.

Inventory:

Missiles
 O - 12 curare-tipped darts (quivered)
 V - 3 throwing nets
Armour
 b - a +1 pair of gloves of stealth (worn)
 c - a +1 pair of boots (worn)
 g - the +4 skin of Zhor (worn) {*Englaciate rC+++ SInv}
   (You bought it in a shop on level 2 of the Orcish Mines)

   *Englaciate: It radiates cold, occasionally slowing all nearby creatures who
   are not resistant to cold.
   rC:        It renders you almost immune to cold.
   SInv:      It lets you see invisible.
 z - a +3 buckler of protection (worn)
 X - the +1 hat of a volcano (worn) {rF+ rC+}
   (You found it on level 3 of the Elven Halls)

   rF:        It protects you from fire.
   rC:        It protects you from cold.
Magical Staves
 a - the staff of fire "Homakkeosmi" (weapon) {rElec rF+ Int+2}
   (You acquired it on level 1 of the Dungeon)

   [staff of fire]

   Base accuracy: +5 Base damage: 5 Base attack delay: 1.2 This weapon's minimum
   attack delay (0.6) is reached at skill level 12.
   Int:       It affects your intelligence (+2).
   rF:        It protects you from fire.
   rElec:     It insulates you from electricity.
   It falls into the 'Staves' category.
   It is a one-handed weapon.
 d - a staff of poison
 s - the staff of conjuration "Teez" {rN+ Stlth+}
   (You found it on level 2 of the Snake Pit)

   [staff of conjuration]

   Base accuracy: +5 Base damage: 5 Base attack delay: 1.2 This weapon's minimum
   attack delay (0.6) is reached at skill level 12.
   rN:        It protects you from negative energy.
   Stlth:     It makes you more stealthy.
   It falls into the 'Staves' category.
   It is a one-handed weapon.
Jewellery
 j - a ring of wizardry (left hand)
 k - the ring "Vosaun Hing" (right hand) {rC- Will++ rCorr Str+3 Int+6}
   (You bought it in a shop on level 15 of the Dungeon)

   [ring of intelligence]

   Str:       It affects your strength (+3).
   Int:       It affects your intelligence (+6).
   rC:        It makes you vulnerable to cold.
   rCorr:     It protects you from acid and corrosion.
   Will:      It greatly increases your willpower.
 q - the ring "Huanlila" {Fly SInv}
   (You bought it in a shop on level 9 of the Dungeon)

   [ring of see invisible]

   SInv:      It lets you see invisible.
   Fly:       It grants you flight.
 u - the amulet of Ascent (around neck) {RegenMP rF+ Regen+ Dex+2}
   (You bought it in a shop on level 9 of the Dungeon)

   [amulet of magic regeneration]

   It increases your rate of magic regeneration.
   Dex:       It affects your dexterity (+2).
   rF:        It protects you from fire.
   Regen:     It increases your rate of health regeneration.
Wands
 x - a wand of charming (24)
 A - a wand of flame (64)
 D - a wand of mindburst (7)
 G - a wand of quicksilver (14)
 J - a wand of iceblast (27)
Scrolls
 h - 12 scrolls of teleportation
 t - 5 scrolls of poison
 E - a scroll of blinking
 L - 9 scrolls of fear
 M - 7 scrolls of fog
 N - 2 scrolls of immolation
 T - 5 scrolls of magic mapping
Potions
 i - a potion of flight
 r - 20 potions of curing
 v - 6 potions of haste
 w - 15 potions of heal wounds
 C - 3 potions of cancellation
 K - 5 potions of resistance
 Q - 2 potions of invisibility
Miscellaneous
 l - a box of beasts
 W - a phantom mirror


   Skills:
 - Level 10.1 Fighting
 - Level 10.0 Armour
 - Level 7.6 Dodging
 - Level 1.7 Stealth
 - Level 8.6 Shields
 - Level 16.0 Spellcasting
 * Level 15.3 Conjurations
 - Level 1.0 Summonings
 - Level 8.0 Translocations
 - Level 19.3 Fire Magic
 - Level 8.5 Ice Magic
 - Level 8.5 Air Magic
 * Level 0.0 Earth Magic
 - Level 7.5 Poison Magic


You had 8 spell levels left.
You knew the following spells:

 Your Spells              Type           Power      Damage    Failure   Level
a - Iron Shot             Conj/Erth      32%        9d7       6%          6
b - Iskenderun's Mystic   Conj/Tloc      77%        2d15      1%          4
c - Freezing Cloud        Conj/Ice/Air   37%        6-21      1%          5
d - Mephitic Cloud        Conj/Pois/Air  74%        N/A       1%          3
e - Olgreb's Toxic Radia  Pois           64%        N/A       1%          4
f - Ignite Poison         Fire/Tmut/Pois 88%        N/A       1%          3
g - Ignition              Fire           60%        3d16      2%          8
h - Apportation           Tloc           100%       N/A       1%          1
i - Volatile Blastmotes   Fire/Tloc      100%       2d18      1%          3
j - Blink                 Tloc           100%       N/A       1%          2
k - Passwall              Tmut/Erth      20%        N/A       1%          2
l - Stone Arrow           Conj/Erth      100%       3d13      1%          3

Your spell library contained the following spells:

 Spells                   Type           Power      Damage    Failure   Level
 Foxfire                  Conj/Fire      100%       2x1d9     0%          1
 Magic Dart               Conj           100%       1d8       0%          1
 Sticky Flame             Conj/Fire      100%       2d11      0%          4
 Beastly Appendage        Tmut           48%        N/A       1%          1
 Necrotise                Necr           96%        1d8       1%          1
 Sandblast                Erth           48%        2d12      1%          1
 Slow                     Hex            96%        N/A       1%          1
 Sting                    Tmut/Pois      100%       1d8       1%          1
 Call Imp                 Summ           62%        N/A       1%          2
 Cigotuvi's Dreadful Rot  Necr/Pois/Air  100%       N/A       1%          2
 Ensorcelled Hibernation  Hex/Ice        100%       N/A       1%          2
 Lesser Beckoning         Tloc           100%       N/A       1%          2
 Poisonous Vapours        Pois/Air       100%       N/A       1%          2
 Dazzling Flash           Conj/Hex       100%       N/A       1%          3
 Frozen Ramparts          Ice            100%       1d16      1%          3
 Gell's Gravitas          Tloc           65%        N/A       1%          3
 Hailstorm                Conj/Ice       78%        3d16      1%          3
 Ozocubu's Armour         Ice            67%        N/A       1%          3
 Portal Projectile        Hex/Tloc       98%        N/A       1%          3
 Spider Form              Tmut/Pois      48%        N/A       1%          3
 Teleport Other           Tloc           65%        N/A       1%          3
 Fulminant Prism          Conj/Hex       32%        3d15      1%          4
 Ice Form                 Ice/Tmut       50%        N/A       1%          4
 Manifold Assault         Tloc           65%        N/A       1%          4
 Arcjolt                  Conj/Air       39%        1d49      1%          5
 Conjure Ball Lightning   Conj/Air       39%        3x3d13    1%          6
 Starburst                Conj/Fire      57%        6d15      1%          6
 Tukima's Dance           Hex            24%        N/A       2%          3
 Vampiric Draining        Necr           24%        2d7       2%          3
 Dispersal                Tloc           32%        N/A       4%          6
 Alistair's Intoxication  Tmut/Pois      32%        N/A       5%          5
 Anguish                  Hex/Necr       12%        N/A       9%          4
 Dispel Undead            Necr           24%        3d12      9%          4
 Ozocubu's Refrigeration  Ice            33%        4d14      22%         7
 Agony                    Necr           24%        N/A       24%         5
 Blade Hands              Tmut           12%        N/A       24%         5
 Lee's Rapid Deconstruct  Erth           12%        3d8*      24%         5
 Death Channel            Necr           12%        N/A       75%         6
 Disjunction              Tloc           32%        N/A       88%         8
 Fire Storm               Conj/Fire      57%        8d15      54%         9
 Polar Vortex             Ice            33%        N/A       100%        9
 Simulacrum               Ice/Necr       Unusable   N/A       N/A         6

Dungeon Overview and Level Annotations

Branches:
Dungeon (15/15)            Temple (1/1) D:5            Lair (5/5) D:9
  Swamp (4/4) Lair:3        Snake (4/4) Lair:3        Slime (0/5) Lair:5
    Orc (2/2) D:11            Elf (3/3) Orc:2        Vaults (4/5) D:14
  Crypt (0/3) Vaults:2     Depths (2/4) D:15

Altars:
Ashenzari
Fedhas
Gozag
Hepliaklqana
Kikubaaqudgha
Nemelex Xobeh
Okawaru
Ru
Sif Muna
Trog
Uskayaw
Vehumet
Wu Jian
Xom
Yredelemnul
Jiyva

Shops:
D:1 =(   D:4 (   D:9 [[=   D:11 *   D:14 (   D:15 ::==[*   Orc:2 **:!*
Elf:1 ::=::   Snake:1 (   Snake:4 =   Vaults:4 :*[   Depths:1 =   Depths:2 :

Portals:
Hell: Depths:1 Depths:2
Pandemonium: Depths:2
Ziggurat: Depths:2

Annotations:
D:14 exclusion: downstairs
D:15 exclusion: upstairs
Lair:4 exclusion: orange crystal statue
Swamp:2 exclusion: 2 upstairs
Snake:3 exclusion: downstairs
Snake:4 Roxanne
Orc:2 exclusion: upstairs
Elf:2 3 runed translucent doors


Innate Abilities, Weirdness & Mutations

You are powered by pain.
Your magical and physical power is slightly enhanced at high health.
When hurt, damage is shared between your health and your magic reserves.
You regenerate magic rapidly.
When low on magic, you restore magic in place of health.
When seriously injured, your blood forms thick armour. (AC +9)
You have a tail ending in a sharp stinger.


Message History

The iron giant is heavily wounded.
The iron giant misses you.
Casting: Iron Shot (dangerous; 6% risk of failure)
Confirm with . or Enter, or press ? or * to list all spells.
Aiming: Iron Shot (dangerous; 6% risk of failure)
Press: ? - help, Shift-Dir - straight line, f/p - iron giant
Aim: an iron giant, wielding a +0 giant club (heavily wounded, 100% to hit)
The iron shot hits the iron giant!!!
The iron giant is severely wounded.
The iron giant casts a spell at you. The iron shot hits you!!!
You focus on the pain.
You feel your power returning.
Casting: Iron Shot (dangerous; 6% risk of failure)
Confirm with . or Enter, or press ? or * to list all spells.
Aiming: Iron Shot (dangerous; 6% risk of failure)
Press: ? - help, Shift-Dir - straight line, f/p - iron giant
Aim: an iron giant, wielding a +0 giant club (severely wounded, 100% to hit)
The iron shot hits the iron giant!!
The iron giant is severely wounded.
The iron giant hits you with a +0 giant club!
* * * LOW HITPOINT WARNING * * *
Casting: Iron Shot (dangerous; 6% risk of failure)
Confirm with . or Enter, or press ? or * to list all spells.
Aiming: Iron Shot (dangerous; 6% risk of failure)
Press: ? - help, Shift-Dir - straight line, f/p - iron giant
Aim: an iron giant, wielding a +0 giant club (severely wounded, 100% to hit)
The iron shot hits the iron giant!!
The iron giant is almost dead.
The iron giant points at you and mumbles some strange words.
The iron shot hits you!!
* * * LOW HITPOINT WARNING * * *
Casting: Iron Shot (dangerous; 6% risk of failure)
Confirm with . or Enter, or press ? or * to list all spells.
Aiming: Iron Shot (dangerous; 6% risk of failure)
Press: ? - help, Shift-Dir - straight line, f/p - iron giant
Aim: an iron giant, wielding a +0 giant club (almost dead, 100% to hit)
The iron shot hits the iron giant!!
The iron giant is almost dead.
The iron giant hits you with a +0 giant club!!
You die...
Your body crumbles into a pile of gold.

........#####..#.........##
.........)....##.........#.
............#.###........#.# #
...............##........<...
###...[............##.........#..
.$.##.............##..###........
$$$Q.##...................#......
..##...##.......C...............#
.V..............@.≈.............∩
....##. .#......≈≈≈.......'.....
....... #......≈≈≈≈......[.....
......# ..#.......≈≈............
........ . #.....................
..##.... ...#..........)..#..#...
... #..$ .#.#..................''
#..#......<......#....)
...#............#.##...


You could see an iron giant.

Vanquished Creatures
  Sojobo (Vaults:4)
  A tentacled monstrosity (Vaults:3)
  Zenata (Vaults:2)
  A lich (Depths:1)
  Mlioglotl (Snake:4)
  2 deep elf blademasters (Elf:3)
  A quicksilver dragon (Vaults:3)
  2 deep elf master archers (Elf:3)
  4 sphinxes (Vaults:3)
  Frances (Swamp:2)
  2 tengu reavers (Vaults:4)
  Agnes (Elf:2)
  Kirke (Elf:1)
  Donald (Snake:1)
  A revenant (Vaults:2)
  4 nagarajas (Snake:4)
  A fire giant (Depths:1)
  A fenstrider witch (Swamp:1)
  2 frost giants
  3 deep elf sorcerers
  A balrug (Depths:1)
  8 vault wardens
  Louise (Swamp:2)
  A deep elf elementalist (Elf:3)
  2 ghouls
  2 orc warlords
  14 ironbound preservers
  The ghost of barcode the Grappler, a journeyman TrDe of Wu Jian (Lair:5)
  11 very ugly things
  A quicksilver ooze (shapeshifter) (D:14)
  4 stone giants
  2 reapers (Depths:1)
  6 ironbound thunderhulks
  3 vampire knights
  5 bunyips
  2 eleionomae
  6 deep elf demonologists (Elf:3)
  5 deep elf annihilators (Elf:3)
  4 spark wasps (Depths:2)
  The ghost of Ebobla the Severer, a journeyman MiFi of Nemelex Xobeh (Lair:2)
  7 dire elephants
  2 crystal guardians (Vaults:3)
  4 deep elf death magi (Elf:3)
  A spriggan zombie (Depths:1)
  4 great orbs of eyes
  Erolcha (D:10)
  11 yaktaur captains
  2 deep elf high priests (Elf:3)
  A ghost crab (Swamp:4)
  15 hydras
  A juggernaut simulacrum (Depths:1)
  2 peacekeepers (Vaults:3)
  5 vault guards
  Fannar (Lair:2)
  2 ogre magi (Orc:2)
  5 ironbound frosthearts
  4 salamander tyrants
  6 boulder beetles
  9 anacondas
  12 two-headed ogres
  Erica (Lair:2)
  18 centaur warriors
  A catoblepas (D:13)
  5 alligators
  13 dancing weapons
  A death knight (D:14)
  4 deep troll earth magi (Depths:2)
  4 deep troll shamans (Depths:2)
  6 tengu warriors
  2 hell hogs (Depths:1)
  4 orc high priests (Elf:1)
  Urug (Lair:4)
  4 spriggan berserkers
  18 naga warriors
  14 deep elf knights
  A hell knight (Depths:1)
  Nergalle (D:12)
  10 naga sharpshooters
  A sun demon (Depths:1)
  5 shock serpents
  Sonja (D:13)
  3 soul eaters
  A skyshark (shapeshifter) (Vaults:1)
  2 skeletal warriors
  11 salamander mystics
  An iron troll (Depths:2)
  A shadow wraith (Vaults:3)
  A skyshark (Lair:3)
  4 goliath frogs (Swamp:3)
  A death drake (Swamp:4)
  A sixfirhy (Depths:2)
  3 flayed ghosts
  5 spriggan druids
  9 naga ritualists
  26 deep trolls
  3 bog bodies
  8 swamp dragons
  2 glowing orange brains
  12 ironbound convokers
  A steelbarb worm (shapeshifter) (Elf:2)
  6 orc knights
  2 spectral hydras (Swamp:4)
  2 phantasmal warriors
  11 deep elf archers
  A harpy (Vaults:1)
  20 deep elf pyromancers
  2 necromancers
  4 wizards
  5 lindwurms
  27 ugly things
  25 deep elf zephyrmancers
  An orc sorcerer (Elf:1)
  14 salamanders
  7 mana vipers
  3 will-o-the-wisps (Swamp:4)
  A cyclops (shapeshifter) (D:15)
  5 manticores
  2 rust devils (Depths:2)
  9 elephants
  8 cyclopes
  2 guardian serpents
  18 naga magi
  14 vault sentinels
  7 smoke demons (Depths:1)
  3 orange demons (Depths:2)
  31 black mambas
  12 cane toads
  A gargoyle (D:12)
  An unseen horror (D:12)
  16 yaktaurs
  A hellion (Depths:1)
  10 komodo dragons
  A kobold demonologist (D:12)
  2 tengu conjurers
  2 freezing wraiths (D:12)
  An efreet (D:14)
  A rime drake (Lair:3)
  2 red devils (Depths:2)
  3 tyrant leeches
  5 hydra zombies (Swamp:4)
  12 trolls
  7 polar bears
  A meliai (D:14)
  A death drake zombie (Swamp:4)
  Prince Ribbit (D:6)
  A tarantella (shapeshifter) (Elf:1)
  8 hornets
  2 dream sheep (Lair:5)
  Grinder (D:6)
  22 blink frogs
  A death drake skeleton (Swamp:4)
  44 slime creatures
  7 wyverns
  Sigmund (D:2)
  3 vampires
  A shadow (D:11)
  3 water elementals (Elf:1)
  2 centaur simulacra
  23 yaks
  2 wraiths
  17 spriggans
  Eustachio (D:4)
  3 hogs (Elf:1)
  A neqoxec (Depths:2)
  19 vampire mosquitoes
  A steam dragon (D:10)
  A basilisk (Lair:1)
  Menkaure (D:4)
  11 swamp worms
  36 nagas
  7 wargs
  4 hydra simulacra (Swamp:4)
  2 acid dragons
  15 water moccasins
  6 swamp drakes
  3 black bears
  11 orc warriors
  A sky beast (D:6)
  A black bear (shapeshifter) (Elf:3)
  2 swamp dragon zombies (Swamp:4)
  2 ice beasts (D:7)
  11 boggarts
  24 ogres
  29 wolves
  12 centaurs
  A swamp dragon skeleton (Swamp:4)
  A phantom (D:4)
  3 kobold brigands
  Blork the orc (D:4)
  13 bullfrogs
  6 scorpions
  A glowing shapeshifter simulacrum (Depths:1)
  An earth elemental (Elf:3)
  2 necrophages (Swamp:4)
  3 gnoll sergeants
  11 wights (D:8)
  18 killer bees
  4 howler monkeys
  2 electric eels
  3 lava snakes (Lair:4)
  4 hounds
  A jelly (D:4)
  8 orc priests
  A gnoll bouda (D:4)
  2 sleepcaps
  3 iguanas
  16 orc wizards
  13 gnolls
  8 adders
  A shadow imp (D:7)
  2 ufetubi (D:5)
  A dart slug (D:4)
  43 orcs
  7 endoplasms
  7 giant cockroaches
  6 goblins
  11 hobgoblins
  14 jackals
  22 kobolds
  5 quokkas
  6 ball pythons
  4 bats
  4 frilled lizards
  4 rats
  A butterfly (Depths:1)
  A fire vortex (Depths:2)
1334 creatures vanquished.

Vanquished Creatures (collateral kills)
  Jorgrun (D:13)
1 creature vanquished.

Vanquished Creatures (others)
  An alligator (Swamp:4)
  A bloated husk (Swamp:2)
  A yak (D:7)
  A gnoll (D:4)
  4 foxfires (Swamp:4)
8 creatures vanquished.

Grand Total: 1343 creatures vanquished

Notes
Turn   | Place    | Note
-------+----------+-------------------------------------------
     0 | D:1      | Chiseanne the Demonspawn Hedge Wizard began the quest for
                  | the Orb.
     0 | D:1      | Reached XP level 1. HP: 13/13 MP: 4/4
    23 | D:1      | Found Isetim's Magic Scroll Shoppe.
   246 | D:1      | Gained mutation: You have a small tail. [demonic ancestry]
   246 | D:1      | Reached XP level 2. HP: 19/19 MP: 2/6
   872 | D:1      | Reached XP level 3. HP: 24/24 MP: 4/8
  1136 | D:1      | Found Winasa's Jewellery Boutique.
  1253 | D:1      | Found a faded altar of an unknown god.
  1388 | D:1      | Found Jifo's Antique Weapon Boutique.
  1462 | D:1      | Identified a scroll of acquirement
  1462 | D:1      | Acquired the staff of fire "Homakkeosmi" {rElec rF+ Int+2}
  1469 | D:1      | Learned a level 2 spell: Blink
  1473 | D:1      | Learned a level 3 spell: Mephitic Cloud
  1576 | D:2      | Found an opulent altar of Gozag.
  1586 | D:2      | Became a worshipper of Gozag Ym Sagoz the Greedy
  1707 | D:2      | Noticed Sigmund
  1760 | D:2      | Reached skill level 1 in Shields
  2347 | D:3      | Gained mutation: You regenerate magic rapidly. [demonic
                  | ancestry]
  2347 | D:3      | Reached XP level 4. HP: 31/31 MP: 5/10
  2372 | D:3      | Found a shimmering blue altar of Sif Muna.
  3153 | D:4      | Noticed a scorpion
  3507 | D:3      | Killed a scorpion
  3508 | D:3      | Reached XP level 5. HP: 25/36 MP: 3/11
  3691 | D:4      | Noticed Menkaure
  3830 | D:4      | Noticed Eustachio
  3866 | D:4      | Killed Eustachio
  3867 | D:4      | Reached skill level 5 in Spellcasting
  3867 | D:4      | Gained mutation: You sometimes gain a little power by
                  | taking damage. [demonic ancestry]
  3867 | D:4      | Reached XP level 6. HP: 25/42 MP: 1/13
  3944 | D:4      | Noticed Blork the orc
  3951 | D:4      | You fall into a shaft and drop 1 floor!
  3951 | D:5      | Entered Level 5 of the Dungeon
  3951 | D:5      | Found a staircase to the Ecumenical Temple.
  4028 | D:4      | Found Suij's Weapon Shop.
  4033 | D:4      | Bought a +0 war axe of venom for 80 gold pieces
  4154 | D:4      | Reached XP level 7. HP: 41/47 MP: 5/15
  4429 | D:4      | Reached skill level 1 in Translocations
  4526 | D:4      | Killed Blork the orc
  4743 | D:4      | Learned a level 3 spell: Volatile Blastmotes
  4969 | D:4      | Killed Menkaure
  5278 | D:5      | Reached XP level 8. HP: 45/53 MP: 7/16
  5442 | D:5      | Reached skill level 5 in Conjurations
  5459 | Temple   | Entered the Ecumenical Temple
  5831 | D:5      | Learned a level 4 spell: Iskenderun's Mystic Blast
  6469 | D:1      | Bought a ring of wizardry for 300 gold pieces
  6595 | D:6      | Reached skill level 1 in Poison Magic
  6934 | D:6      | Noticed Grinder
  6960 | D:6      | Killed Grinder
  6961 | D:6      | Gained mutation: When hurt, damage is shared between your
                  | health and your magic reserves. [demonic ancestry]
  6961 | D:6      | Reached XP level 9. HP: 37/58 MP: 3/19
  7235 | D:6      | Noticed Prince Ribbit
  7248 | D:6      | Killed Prince Ribbit
  7313 | D:6      | Reached skill level 5 in Translocations
  7413 | D:6      | Found a broken altar of Ashenzari.
  7807 | D:6      | Found a sacrificial altar of Ru.
  7823 | D:6      | Found an iron altar of Okawaru.
  7968 | D:1      | Bought a scroll of blinking for 75 gold pieces
  7968 | D:1      | Bought a scroll of enchant weapon for 75 gold pieces
  7968 | D:1      | Bought a scroll of enchant armour for 75 gold pieces
  7968 | D:1      | Bought a scroll of identify for 20 gold pieces
  7968 | D:1      | Bought a scroll of enchant armour for 75 gold pieces
  7978 | D:1      | Bought a scroll of identify for 20 gold pieces
  7978 | D:1      | Bought a scroll of identify for 20 gold pieces
  7978 | D:1      | Bought a scroll of identify for 20 gold pieces
  8012 | D:1      | Bought a bloodstained long sword for 178 gold pieces
  8012 | D:1      | Identified the +6 long sword of Saltpetre {pain, rElec
                  | rCorr Str-5 Dex+8} (You bought it in a shop on level 1 of
                  | the Dungeon)
  8140 | D:2      | Killed Sigmund
  9173 | D:7      | Found a basalt altar of Yredelemnul.
  9314 | D:7      | Learned a level 4 spell: Olgreb's Toxic Radiance
  9320 | D:7      | Learned a level 5 spell: Freezing Cloud
  9716 | D:7      | Reached skill level 5 in Poison Magic
  9951 | D:7      | Gained mutation: You sometimes gain power by taking damage.
                  | [demonic ancestry]
  9951 | D:7      | Reached XP level 10. HP: 31/64 MP: 5/22
 10839 | D:8      | Identified the +6 hand axe of Sloth {heavy, *Noise rF+
                  | Int+4}
 11783 | D:9      | Noticed a two-headed ogre
 11798 | D:9      | Killed a two-headed ogre
 11895 | D:9      | Reached XP level 11. HP: 47/69 MP: 15/24
 12088 | D:9      | Found a staircase to the Lair.
 12246 | D:9      | Reached skill level 1 in Ice Magic
 12246 | D:9      | Reached skill level 1 in Air Magic
 12433 | D:9      | Found a hide-covered altar of Uskayaw.
 12442 | D:9      | Found a radiant altar of Vehumet.
 12445 | D:9      | Found a blossoming altar of Fedhas.
 12785 | D:10     | Entered Level 10 of the Dungeon
 13038 | D:10     | Reached skill level 10 in Spellcasting
 13159 | D:9      | Bought the amulet of Ascent {RegenMP rF+ Regen+ Dex+2} for
                  | 578 gold pieces
 13792 | D:10     | Noticed Erolcha
 13802 | D:10     | Killed Erolcha
 13977 | D:11     | Found a staircase to the Orcish Mines.
 14037 | D:11     | Found Aqesupt's Assorted Antiques.
 14062 | D:11     | Bought a scroll labelled QOEWNU HEISAOR for 24 gold pieces
 14062 | D:11     | Bought a potion of curing for 72 gold pieces
 14062 | D:11     | Bought a scroll labelled JIRHUD WEMAJAH for 24 gold pieces
 14819 | D:11     | Bought an ancient scale mail for 216 gold pieces
 14819 | D:11     | Identified the +0 scale mail of the Wild Haggis {rElec rF+
                  | MP+9} (You bought it in a shop on level 11 of the Dungeon)
 15005 | D:12     | Noticed Nergalle
 15019 | D:12     | Killed Nergalle
 15204 | D:12     | Noticed a two-headed ogre
 15231 | D:12     | Killed a two-headed ogre
 15232 | D:12     | Reached skill level 5 in Ice Magic
 15232 | D:12     | Reached skill level 5 in Air Magic
 15263 | D:12     | Gained mutation: When seriously injured, your blood forms
                  | armour. (AC +9) [demonic ancestry]
 15263 | D:12     | Reached XP level 12. HP: 59/75 MP: 22/27
 15555 | D:12     | Noticed a two-headed ogre
 15567 | D:12     | Killed a two-headed ogre
 15822 | D:12     | Noticed a centaur warrior
 15921 | D:12     | Killed a centaur warrior
 16401 | D:9      | Bought the ring "Huanlila" {Fly SInv} for 289 gold pieces
 16500 | D:13     | Noticed a centaur warrior
 16508 | D:13     | Killed a centaur warrior
 16568 | D:13     | Noticed Jorgrun
 16651 | Orc:1    | Entered Level 1 of the Orcish Mines
 16700 | Orc:1    | Found a bloodstained altar of Trog.
 17016 | Orc:2    | Entered Level 2 of the Orcish Mines
 17016 | Orc:2    | Found a staircase to the Elven Halls.
 17020 | Orc:2    | Noticed a two-headed ogre
 17021 | Orc:2    | Noticed an ogre mage
 17025 | Orc:2    | Noticed a two-headed ogre
 17026 | Orc:2    | Noticed a two-headed ogre
 17026 | Orc:2    | Noticed an ogre mage
 17177 | Orc:2    | Noticed a two-headed ogre
 17231 | Orc:2    | Noticed a two-headed ogre
 17231 | Orc:2    | Noticed a two-headed ogre
 17231 | Orc:2    | Noticed a two-headed ogre
 17319 | Lair:1   | Entered Level 1 of the Lair of Beasts
 17665 | Lair:1   | Gained mutation: You have a tail ending in a sharp stinger.
                  | [demonic ancestry]
 17665 | Lair:1   | Reached XP level 13. HP: 76/80 MP: 8/29
 18690 | Lair:2   | Noticed Erica
 18703 | Lair:2   | Killed Erica
 18864 | Lair:2   | Noticed Ebobla's ghost (journeyman MiFi)
 18883 | Lair:2   | Found a runed translucent door.
 18890 | Lair:2   | Noticed Fannar
 18909 | Lair:2   | Killed Fannar
 19644 | Lair:2   | Killed Ebobla's ghost
 19645 | Lair:2   | Reached skill level 1 in Fighting
 19731 | Lair:3   | Reached skill level 1 in Armour
 20405 | Lair:3   | Found a staircase to the Swamp.
 20484 | Lair:3   | Found a staircase to the Snake Pit.
 21877 | Lair:4   | Noticed Urug
 21884 | Lair:4   | Killed Urug
 22130 | Lair:4   | Identified the +8 sling of Niolonal {freeze, rElec rPois
                  | rN+ Str+3}
 22471 | Lair:5   | Entered Level 5 of the Lair of Beasts
 22486 | Lair:5   | Reached skill level 5 in Fighting
 22486 | Lair:5   | Reached XP level 14. HP: 98/98 MP: 20/31
 22647 | Lair:5   | Reached skill level 5 in Armour
 23879 | Lair:5   | Found a runed translucent door.
 23884 | Lair:5   | Noticed barcode's ghost (journeyman TrDe)
 23910 | Lair:5   | Killed barcode's ghost
 24013 | Lair:5   | Found a viscous altar of Jiyva.
 24014 | Lair:5   | Found a staircase to the Slime Pits.
 24320 | D:9      | Bought a +2 robe of resistance for 527 gold pieces
 24573 | D:13     | Noticed Sonja
 24578 | D:13     | Killed Sonja
 25191 | D:13     | Killed Jorgrun
 25691 | D:14     | Found Payraa's Antique Weapon Shop.
 26100 | D:14     | Noticed an ironbound preserver
 26163 | D:14     | Killed an ironbound preserver
 26426 | D:14     | Noticed a quicksilver ooze
 26431 | D:14     | Killed a quicksilver ooze
 26486 | D:14     | Found a gate to the Vaults.
 26536 | D:14     | Found an ornate altar of the Wu Jian Council.
 26992 | D:14     | Gained mutation: When low on magic, you restore magic in
                  | place of health. [demonic ancestry]
 26992 | D:14     | Reached XP level 15. HP: 87/112 MP: 20/33
 27099 | D:15     | Entered Level 15 of the Dungeon
 27647 | D:15     | Found Forotype's Assorted Antiques.
 27666 | D:15     | Bought a glowing hat for 196 gold pieces
 27666 | D:15     | Bought a scroll labelled FULLOANAQE for 28 gold pieces
 27705 | D:15     | Reached skill level 15 in Spellcasting
 28184 | D:15     | Found a staircase to the Depths.
 29171 | Orc:2    | Found a shimmering altar of Xom.
 29438 | Orc:2    | Found Fasefoev's General Store.
 29448 | Orc:2    | Reached skill level 10 in Fighting
 29653 | Orc:2    | Found Urawkiho's Distillery.
 29658 | Orc:2    | Found Puwoasej's Book Boutique.
 29659 | Orc:2    | Found Ehimirgh's General Store.
 29661 | Orc:2    | Bought a potion of resistance for 130 gold pieces
 29661 | Orc:2    | Bought a potion of resistance for 130 gold pieces
 29661 | Orc:2    | Bought a potion of heal wounds for 65 gold pieces
 29661 | Orc:2    | Bought a potion of cancellation for 104 gold pieces
 29661 | Orc:2    | Bought a potion of ambrosia for 104 gold pieces
 29672 | Orc:2    | Bought the +4 skin of Zhor {*Englaciate rC+++ SInv} for 997
                  | gold pieces
 29672 | Orc:2    | Found the +4 skin of Zhor {*Englaciate rC+++ SInv}
 29684 | Orc:2    | Found Kump's General Store.
 29971 | Elf:1    | Entered Level 1 of the Elven Halls
 30176 | Elf:1    | Reached skill level 5 in Shields
 30239 | Elf:1    | Noticed Kirke
 30250 | Elf:1    | Killed Kirke
 30273 | Elf:1    | Reached XP level 16. HP: 119/122 MP: 13/35
 30358 | Elf:1    | Found Hohoir's Book Shop.
 30421 | Elf:1    | Found Lucic's Book Boutique.
 30660 | Elf:1    | Reached skill level 10 in Armour
 30827 | Elf:1    | Found Ehec's Book Shop.
 30829 | Elf:1    | Found Fiosumipp's Jewellery Shoppe.
 30830 | Elf:1    | Found Yrer's Book Shop.
 31316 | Elf:1    | Bought a book of Geomancy for 288 gold pieces
 31322 | Elf:1    | Learned a level 3 spell: Stone Arrow
 31376 | Elf:2    | Reached skill level 1 in Fire Magic
 31392 | Elf:2    | Noticed Agnes
 31401 | Elf:2    | Killed Agnes
 31424 | Elf:2    | Reached skill level 5 in Dodging
 31424 | Elf:2    | Reached skill level 2 in Fire Magic
 31576 | Elf:2    | Found a runed translucent gate.
 31576 | Elf:2    | Found a runed translucent gate.
 31577 | Elf:2    | Found a runed translucent gate.
 31851 | Elf:1    | Bought an Everburning Encyclopedia for 576 gold pieces
 31855 | Elf:1    | Learned a level 3 spell: Ignite Poison
 31864 | Elf:1    | Learned a level 8 spell: Ignition
 31945 | Elf:2    | Reached skill level 3 in Fire Magic
 32182 | Elf:3    | Entered Level 3 of the Elven Halls
 32434 | Elf:3    | Reached skill level 4 in Fire Magic
 32463 | Elf:3    | Noticed an Ice Fiend
 32535 | Elf:3    | Noticed a deep elf blademaster
 32561 | Elf:3    | Killed a deep elf blademaster
 32801 | Elf:3    | Reached skill level 5 in Fire Magic
 32873 | Elf:3    | Noticed a deep elf master archer
 32889 | Elf:3    | Killed a deep elf master archer
 32941 | Elf:3    | Noticed a deep elf master archer
 32986 | Elf:3    | Killed a deep elf master archer
 33019 | Elf:3    | Identified the +3 trident "Dutte" {holy, MP+9 Str+3 Int+5}
 33091 | Elf:3    | Gained mutation: You are powered by pain. [demonic
                  | ancestry]
 33091 | Elf:3    | Reached XP level 17. HP: 89/128 MP: 7/37
 33229 | Elf:3    | Noticed a deep elf blademaster
 33238 | Elf:3    | Killed a deep elf blademaster
 33300 | Elf:3    | Got Efylee's Thoughts on Harmful Locality
 33303 | Elf:3    | Identified the +0 scale mail of Inaction {-Tele rC+ Int+4}
 33310 | Elf:3    | Identified the +0 robe of Facruin {Regen+ Int+3 Dex-3}
 33312 | Elf:3    | Identified the +1 hat of a volcano {rF+ rC+}
 33368 | Elf:3    | Reached skill level 6 in Fire Magic
 33805 | Elf:1    | Bought a book of Ice for 600 gold pieces
 34147 | Depths:1 | Entered Level 1 of the Depths
 34461 | Swamp:1  | Entered Level 1 of the Swamp
 34569 | Swamp:1  | Reached skill level 7 in Fire Magic
 34584 | Swamp:1  | Learned a level 1 spell: Apportation
 34673 | Swamp:2  | Noticed Frances
 34673 | Swamp:2  | Noticed Louise
 34680 | Swamp:2  | Killed Louise
 34681 | Swamp:2  | Killed Frances
 34752 | Swamp:2  | Identified the +1 robe of Cyokk {rN+ Will+ Str+2}
 34776 | Swamp:2  | Reached skill level 8 in Fire Magic
 34868 | Swamp:2  | Identified the +5 demon trident "Bouch" {heavy, Str+4}
 35103 | Swamp:4  | Entered Level 4 of the Swamp
 35177 | Swamp:4  | Reached skill level 9 in Fire Magic
 35659 | Swamp:3  | Reached skill level 10 in Fire Magic
 36185 | Swamp:4  | Reached skill level 11 in Fire Magic
 36406 | Swamp:4  | Paralysed by a vampire knight for 4 turns
 36574 | Swamp:4  | Identified the +10 sling "Emicic" {freeze, *Corrode Fragile
                  | Str+7 Stlth+}
 36869 | Swamp:4  | Found a basalt altar of Yredelemnul.
 36878 | Swamp:4  | Got a decaying rune of Zot
 37175 | Orc:2    | Bought a potion of magic for 136 gold pieces
 37175 | Orc:2    | Bought a scroll of fear for 68 gold pieces
 37175 | Orc:2    | Bought a scroll of magic mapping for 127 gold pieces
 37261 | D:11     | Bought a potion of magic for 192 gold pieces
 37335 | Orc:2    | Bought a potion of mutation for 104 gold pieces
 37918 | Snake:1  | Entered Level 1 of the Snake Pit
 38053 | Snake:1  | Noticed Donald
 38059 | Snake:1  | Reached skill level 12 in Fire Magic
 38068 | Snake:1  | Killed Donald
 38180 | Snake:1  | Gained mutation: Your magical and physical power is
                  | slightly enhanced at high health. [demonic ancestry]
 38180 | Snake:1  | Reached XP level 18. HP: 134/134 MP: 24/38
 38487 | Snake:1  | Found Emys's Antique Weapon Shoppe.
 38929 | Snake:2  | Reached skill level 13 in Fire Magic
 39369 | Snake:2  | Identified the staff of conjuration "Teez" {rN+ Stlth+}
 39727 | Snake:4  | Entered Level 4 of the Snake Pit
 39727 | Snake:4  | Identified Roxanne's Spellbook of Changing
 39727 | Snake:4  | Noticed Roxanne
 39788 | Snake:3  | Reached skill level 14 in Fire Magic
 40445 | Snake:4  | Found Zeac's Jewellery Emporium.
 40818 | Snake:4  | Reached skill level 15 in Fire Magic
 40914 | Snake:4  | Reached skill level 16 in Fire Magic
 41029 | Snake:4  | Noticed Mlioglotl
 41050 | Snake:4  | Killed Mlioglotl
 41149 | Snake:4  | Got a serpentine rune of Zot
 41243 | Snake:4  | Gained mutation: When seriously injured, your blood forms
                  | thick armour. (AC +9) [demonic ancestry]
 41243 | Snake:4  | Reached XP level 19. HP: 140/140 MP: 34/39
 41397 | Snake:4  | Identified the +1 broad axe of Gallantry {spect, Str+5}
 42042 | Vaults:1 | Entered Level 1 of the Vaults
 42269 | Vaults:1 | Identified the +6 quarterstaff of Trial by Ordeal {spect,
                  | rCorr}
 42279 | Vaults:1 | Reached skill level 17 in Fire Magic
 42486 | Vaults:1 | Found a flickering gateway to a bazaar.
 42495 | Bazaar   | Entered a bazaar
 42495 | Bazaar   | Found Lodaup's Antique Weapon Emporium.
 42495 | Bazaar   | Found Woawuxo's Distillery.
 42524 | Bazaar   | Found Misualej's Antique Armour Shoppe.
 42532 | Bazaar   | Found Ihaemet's General Store.
 42543 | Bazaar   | Found Req Ecremm's Book Boutique.
 42562 | Bazaar   | Bought a scroll of fog for 60 gold pieces
 42562 | Bazaar   | Bought a scroll of teleportation for 45 gold pieces
 42591 | Bazaar   | Bought a potion of curing for 33 gold pieces
 42591 | Bazaar   | Bought a potion of heal wounds for 55 gold pieces
 42591 | Bazaar   | Bought a potion of curing for 33 gold pieces
 43380 | Vaults:1 | Identified the +2 dagger "Uhothululu" {venom, rElec Str+3
                  | SInv Stlth+}
 43517 | Vaults:1 | Reached skill level 18 in Fire Magic
 44614 | Vaults:2 | Reached skill level 19 in Fire Magic
 44810 | Vaults:2 | You fall into a shaft and drop 2 floors!
 44977 | Vaults:4 | Found Mesmil's Assorted Antiques.
 44986 | Vaults:4 | Bought a potion of curing for 66 gold pieces
 44986 | Vaults:4 | Bought a potion of heal wounds for 110 gold pieces
 44986 | Vaults:4 | Bought a scroll of teleportation for 66 gold pieces
 45194 | Vaults:4 | Found Niloid's Antique Armour Emporium.
 45204 | Vaults:4 | Bought a pair of embroidered gloves for 315 gold pieces
 45212 | Vaults:4 | Bought a pair of runed gloves for 315 gold pieces
 45253 | Vaults:4 | Found Kise's Book Emporium.
 45261 | Vaults:4 | Bought the Papyrus of Noxious Causimancy for 680 gold
                  | pieces
 45284 | Vaults:4 | Noticed Sojobo
 45293 | Vaults:4 | Killed Sojobo
 45411 | Vaults:4 | Reached XP level 20. HP: 63/147 MP: 6/40
 46336 | Vaults:3 | Paralysed by a sphinx for 4 turns
 46784 | Vaults:3 | Paralysed by a sphinx for 3 turns
 46923 | Vaults:3 | Paralysed by a sphinx for 2 turns
 47015 | Vaults:3 | Reached skill level 10 in Conjurations
 48110 | Vaults:2 | Noticed Zenata
 48124 | Vaults:2 | Killed Zenata
 48708 | Vaults:2 | Found a staircase to the Crypt.
 49434 | Depths:1 | Found Pithrealo's Jewellery Emporium.
 49471 | Depths:1 | Found a shimmering altar of Xom.
 49473 | Depths:1 | Found an ancient bone altar of Kikubaaqudgha.
 49475 | Depths:1 | Found a hazy altar of Hepliaklqana.
 49475 | Depths:1 | Found an opulent altar of Gozag.
 49475 | Depths:1 | Found a sparkling altar of Nemelex Xobeh.
 50194 | Depths:1 | Found a gateway to Hell.
 50223 | Depths:1 | Got the Thoughts on the Wintry Shift
 50374 | Depths:1 | Learned a level 2 spell: Passwall
 50588 | Depths:2 | Found a one-way gate leading to the halls of Pandemonium.
 50658 | Depths:2 | Reached XP level 21. HP: 112/153 MP: 18/41
 50786 | Depths:2 | Reached skill level 15 in Conjurations
 50831 | Depths:2 | Found a one-way gateway to a ziggurat.
 50997 | Depths:2 | Found Ufiaschah's Book Emporium.
 51215 | Depths:2 | Paralysed by a vampire knight for 3 turns
 51616 | Orc:2    | Bought the Vellum of the Fifth Circle for 480 gold pieces
 51623 | Orc:2    | Learned a level 6 spell: Iron Shot
 51826 | D:15     | Bought the ring "Vosaun Hing" {rC- Will++ rCorr Str+3
                  | Int+6} for 866 gold pieces
 51917 | Depths:2 | Slain by an iron giant

Illustrated notes

Levels and vault maps discovered:
D:1:      amcnicky_arrival_abandoned_market, layout_basic,
          shapermc_ecumenical_altar_ellora, serial_shops, shop, shop, shop,
          serial_glass, glass_columns_a, glass_columns_a, item_on_display_a,
          feat_on_display, minmay_misc_feat_chi
D:2:      layout_loops_cross, basic_altar, uniq_sigmund
D:3:      layout_basic, nicolae_sif_muna_condensation,
          chequers_serial_rivers_micro_b
D:4:      kennysheep_spiral_hall, layout_basic, serial_shops, shop,
          chequers_serial_rivers_micro_e, uniq_eustachio, uniq_blork_the_orc,
          uniq_menkaure
D:5:      layout_basic, temple_statues, supply_closet_lemuel
D:6:      layout_basic, nicolae_tso_carved_into_rock,
          nicolae_overflow_quartered_altars, uniq_grinder, uniq_prince_ribbit1
D:7:      layout_basic, lemuel_crystal_altar
D:8:      layout_rooms, mainiacjoe_overflow_alcove_1, serial_bayou_pond_b,
          grunt_ministairs_15
D:9:      layout_irregular_city, minmay_overflow_temple_star_quad,
          grunt_lair_entry_orc_guard_hut, serial_glass, glass_columns_a,
          glass_columns_a, minivault_10
D:10:     layout_stronghold, uniq_erolcha
D:11:     layout_stronghold, orc_0_dummy, serial_shops, nicolae_shop_tiny_glass
D:12:     minmay_blocking_statues, layout_loops_ring, uniq_nergalle
D:13:     layout_irregular_city, nicolae_water_bricks, uniq_jorgrun, uniq_sonja
D:14:     layout_roguey, skrybe_vaults_entry_preservation, serial_shops,
          nicolae_stop_n_shop_1, pdpol_wu_jian_five_deadly_venoms,
          beargit_elvish_explorers
D:15:     hangedman_depths_entry_try_elsewhere_first, layout_loops_ring,
          serial_shops, nicolae_shop_just_a_little_nook
Temple:   chequers_temple_sunken
Lair:1:   layout_regular_city, hibernation_bobbens
Lair:2:   layout_long_grid, hellmonk_ghost_happy_afterlife, lemuel_fruit_tree,
          grunt_megastairs_3, uniq_fannar, uniq_erica
Lair:3:   layout_cave_pods, skrybe_swamp_entry_bodies,
          minmay_snake_entry_six_corridors
Lair:4:   layout_cave_shapes, disabler_island, uniq_urug
Lair:5:   minmay_lair_end_enchanted_forest, layout_regular_city,
          dpeg_slime_entry_enclosed, ebering_ghost_reflecting_pool
Swamp:1:  layout_basic_swamp, evilmike_swamp_ruin_house_4
Swamp:2:  layout_basic_swamp, evilmike_swamp_ruin_house_3, swamp_pool1,
          uniq_frances, uniq_louise
Swamp:3:  layout_falls_marsh, serial_swamp_ruin, hangedman_swamp_ruin_wall,
          evilmike_swamp_ruin_house_5
Swamp:4:  byrel_swamp_growth_death_and_undeath, layout_basic_swamp, swamp_pool1,
          water_boxes_lemuel, infiniplex_staircase_pool_2
Snake:1:  layout_grid_shapes, serial_shops, nicolae_shop_peninsula, uniq_donald
Snake:2:  layout_cave_pods
Snake:3:  layout_cave_town, serial_bayou_shore_b, grunt_megastairs_4
Snake:4:  snake_pit, layout_cave_town, serial_shops, nicolae_square_shop,
          uniq_mlioglotl, uniq_roxanne
Orc:1:    layout_diamond_mine, basic_altar
Orc:2:    st_orc_open, layout_caves, serial_shops, shop,
          hangedman_feature_mirror
Elf:1:    nicolae_elf_arrival_no_cutting_in_line, layout_geoelf_diagonals,
          serial_shops, shop, shop, hangedman_elven_crosses_minicolossus,
          st_stairs_12, eino_tiny_chamber, minmay_shop_grove, uniq_kirke
Elf:2:    nicolae_elf_blades_splatter_lattice [infiniplex_blade_entry_pillars],
          layout_rooms, serial_sigils, serial_sigils_hangedman_snap,
          serial_sigils_hangedman_gut, serial_sigils_hangedman_gnaw,
          serial_sigils_hangedman_snap, serial_sigils_hangedman_scratch,
          serial_sigils_hangedman_quiver, uniq_agnes
Elf:3:    elf_hall_gauntlet_narrow, layout_geoelf_grid
Vaults:1: v_pattern_3, v_misc_10, nicolae_vaults_more_shelving_1,
          nicolae_vaults_trapezoid_2, v_misc_23, nicolae_vaults_sightless_eye,
          nicolae_vaults_spaceships, ontoclasm_vaults_twist, grunt_vaults_focal,
          nicolae_vaults_thirteen_compartments,
          nicolae_vaults_closet_pinwheel_1, v_misc_25, layout_vaults_omnicross,
          serial_shops, bzr_entry_water
Vaults:2: nicolae_vaults_octothorpe, minmay_crypt_entry_simple_round,
          nicolae_vaults_sesquioval_fish, ontoclasm_vaults_shuriken,
          nicolae_vaults_trapezoid_1, nicolae_vaults_network_square,
          nicolae_vaults_apartment_2, layout_vaults_quadrants, uniq_zenata
Vaults:3: vaults_room_grid, vaults_dpeg_emergency_exit, hangedman_vaults_unwind,
          nicolae_vaults_sealed_display, nicolae_vaults_mush_room,
          nicolae_vaults_ring_of_whatevers, v_rooms_4,
          vaults_room_stairs_pillars, nicolae_vaults_yaktaur_gun_rack,
          nicolae_vaults_mini_display_case, vaults_room_pool,
          nicolae_vaults_big_ls, nicolae_vaults_shelves_hall,
          layout_vaults_omnibox
Vaults:4: v_misc_30, vaults_mumra_minichess, nicolae_vaults_tangram_1,
          nicolae_vaults_bisected_inception, nicolae_vaults_little_squares_2,
          nicolae_vaults_tetromino_T_1, layout_vaults_chaotic_city,
          serial_shops, shop, nicolae_square_shop, shop, uniq_sojobo
Depths:1: layout_cave_pools, serial_shops, nicolae_shop_behind_doors,
          hellmouth_2, nicolae_elyvilon_peaceful_grove, doesnt_xom_only_xom
Depths:2: dreamdust_hydra_shepherd, layout_cave_pools, enter_ziggurat_f,
          hangedman_decor_peaks_small, grunt_pan_entry_sceptre,
          pf_vacation_house_of_asmodeus, serial_shops, kennysheep_mini_moat,
          minmay_misc_feat_nine_boxes

Skill      XL: |  1  2  3  4  5  6  7  8  9 10 11 12 13 14 15 16 17 18 19 20 21 |
---------------+----------------------------------------------------------------+-----
Spellcasting   | 4 5 7 8 9 11 12 13 14 15 16 | 16.0
Shields        | 1 2 3 4 5 8 |  8.6
Conjurations   | 2 3 4 5 6 14 15 | 15.3
Translocations | 2 4 6 8 |  8.0
Poison Magic   | 2 5 7 |  7.5
Ice Magic      | 5 7 8 |  8.5
Air Magic      | 5 7 8 |  8.5
Fighting       | 5 8 10 | 10.1
Armour         | 4 7 9 10 | 10.0
Dodging        | 3 7 |  7.6
Fire Magic     | 5 12 16 19 | 19.3
Stealth        | |  1.7
Summonings     | |  1.0

Action                     |  1- 3 |  4- 6 |  7- 9 | 10-12 | 13-15 | 16-18 | 19-21 || total
---------------------------+-------+-------+-------+-------+-------+-------+-------++-------
  Melee: Staff             |    59 |    19 |     8 |     7 |    19 |    24 |     5 ||   141
         Tailslap          |     9 |     5 |     8 |     1 |     5 |     8 |     3 ||    39
         War axe           |       |     9 |    37 |     5 |       |       |       ||    51
  Throw: Dart              |       |     8 |       |       |     8 |       |       ||    16
         Stone             |       |     1 |       |       |       |       |       ||     1
   Cast: Magic Dart        |   118 |    96 |   154 |   127 |   204 |    21 |       ||   720
         Mephitic Cloud    |       |     9 |    11 |    16 |    55 |   107 |     8 ||   206
         Volatile Blastmot |       |       |    72 |   240 |   239 |     2 |     1 ||   554
         Iskenderun's Myst |       |       |     2 |    52 |   195 |   360 |   244 ||   853
         Olgreb's Toxic Ra |       |       |       |    93 |   191 |   141 |    94 ||   519
         Freezing Cloud    |       |       |       |       |    91 |   135 |    77 ||   303
         Stone Arrow       |       |       |       |       |       |   332 |   207 ||   539
         Ignite Poison     |       |       |       |       |       |   113 |    69 ||   182
         Apportation       |       |       |       |       |       |    51 |     9 ||    60
         Blink             |       |       |       |       |       |     1 |       ||     1
         Ignition          |       |       |       |       |       |     1 |    36 ||    37
         Iron Shot         |       |       |       |       |       |       |     7 ||     7
 Invoke: Call Merchant     |       |       |       |     1 |     3 |       |     4 ||     8
  Evoke: Wand              |       |       |       |     3 |     1 |    12 |       ||    16
         Phantom mirror    |       |       |       |       |       |     1 |       ||     1
    Use: Scroll            |     4 |     4 |    14 |    11 |     5 |     9 |     6 ||    53
         Potion            |     1 |       |     1 |     2 |     4 |     5 |     2 ||    15
   Stab: Confused          |       |     6 |     2 |       |     1 |       |       ||     9
 Armour: Robe              |    10 |     8 |    23 |    32 |    57 |       |       ||   130
         Animal skin       |       |       |       |       |     4 |   102 |    26 ||   132
  Dodge: Dodged            |    60 |    18 |    53 |    60 |    59 |   163 |    81 ||   494
  Block: Buckler           |     6 |    10 |    31 |    45 |    72 |   113 |    60 ||   337
